 Dungeon Crawl Stone Soup version 0.23-a0-183-gf37f6fb (webtiles) character file.

6185 namelastname112 the Covert (level 10, -11/84 HPs)
             Began as a Black Draconian Assassin on Sept 21, 2018.
             Was a Follower of Uskayaw.
             Mangled by a hornet (12 damage)
             ... on level 8 of the Dungeon.
             The game lasted 00:20:40 (11122 turns).

namelastname112 the Covert (DrAs)                  Turns: 11122, Time: 00:20:41

Health: -11/84     AC: 10    Str: 13    XL:     10   Next: 60%
Magic:  13/13      EV: 17    Int: 11    God:    Uskayaw [*.....]
Gold:   364        SH:  0    Dex: 17    Spells: 9/9 levels left

rFire    . . .     SeeInvis .   a - +2 dagger
rCold    . . .     Gourm    .   (no shield)
rNeg     + + .     Faith    .   (armour unavailable)
rPois    .         Spirit   .   (helmet restricted)
rElec    +         Reflect  .   c - +1 cloak
rCorr    .         Harm     .   z - +0 pair of gloves of Kuass {rN++}
MR       .....                  (no boots)
Stlth    ++++......             (no amulet)
HPRegen  0.24/turn              A - +1 ring of evasion
MPRegen  0.13/turn              (no ring)

@: lethally poisoned (-11 -> -34), short of breath, slowed, very slow
A: breathe lightning, unfitting armour, electricity resistance, cold-blooded, AC
+7
a: Breathe Lightning, Stomp, Renounce Religion


You were on level 8 of the Dungeon.
You worshipped Uskayaw.
Uskayaw was noncommittal.
You were hungry.

You visited 2 branches of the dungeon, and saw 9 of its levels.

You collected 364 gold pieces.

Inventory:

Hand Weapons
 a - a +2 dagger (weapon)
 b - a +0 blowgun
Missiles
 d - 31 poisoned needles
 e - 5 curare-tipped needles
 x - 2 needles of confusion
 y - 5 javelins of returning (quivered)
Armour
 c - a +1 cloak (worn)
 z - the +0 pair of gloves of Kuass (worn) {rN++}
   (You found it on level 6 of the Dungeon)

   It greatly protects you from negative energy.
Jewellery
 r - an uncursed ring of magical power
 A - a +1 ring of evasion (left hand)
Wands
 h - a wand of random effects (40)
 l - a wand of clouds (6)
 n - a wand of digging (12)
 w - a wand of flame (39)
Scrolls
 g - 2 scrolls of identify
 o - a scroll of fear
 q - a scroll of amnesia
 t - a scroll of fog
 B - 4 scrolls of enchant armour
 C - a scroll of remove curse
Potions
 i - 2 potions of curing
 j - a potion of lignification {unknown}
 k - a potion of brilliance
 m - a potion of haste
 p - a potion of ambrosia
 s - a potion of invisibility
 u - a potion of magic
 v - 2 potions of flight {unknown}
Comestibles
 f - 7 rations


   Skills:
 + Level 6.9 Fighting
 + Level 8.4 Short Blades
 + Level 5.8 Throwing
 + Level 5.6 Dodging
 + Level 9.0 Stealth
 * Level 4.1 Invocations


You had 9 spell levels left.
You didn't know any spells.
Your spell library was empty.

Dungeon Overview and Level Annotations

Branches:
Dungeon (8/15)             Temple (1/1) D:7
   Lair: D:8-11

Altars:
Ashenzari
Cheibriados
Dithmenos
Elyvilon
Gozag
Kikubaaqudgha
Nemelex Xobeh
Okawaru
Qazlal
Ru
Sif Muna
Trog
Uskayaw
Vehumet
Wu Jian
Xom
Yredelemnul
Zin
The Shining One

Shops:
D:5 *

Annotations:
D:2 exclusion: door


Innate Abilities, Weirdness & Mutations

You can breathe wild blasts of lightning.
Your glossy black scales are hard. (AC +7)
You cannot fit into any form of body armour.
You are resistant to electric shocks. (rElec)
You are cold-blooded and may be slowed by cold attacks.


Message History

The orb of electricity engulfs the hornet.
The hornet is lightly wounded.
The orb of electricity engulfs the hornet.
The hornet is severely wounded.
The zap misses the hornet.
The zap hits the hornet.
The hornet is moderately wounded.
The zap misses you.
The zap hits the hornet.
The hornet is almost dead.
You feel somewhat more hungry.
* * * LOW HITPOINT WARNING * * *
You feel very sick.
The hornet stings you but does no damage.
The hornet stings you!
* * * LOW HITPOINT WARNING * * *
You feel as though you will be slow longer.
The hornet stings you!
* * * LOW HITPOINT WARNING * * *
You feel as though you will be slow longer.
The hornet closely misses you. The hornet misses you. The hornet stings you!
You die...

#.# #.....#
#............# #.#
#.†...#
#...###.####.#
#.######.....# #####
#.# #........###.##
#.# ########## #..#
#.# .# ##.# #.# #.#
#.## ########.####.#
#.#y#y##........##.#
####@#.######.#.##.#
#.#y## #.#.##.#
##.#.# #....#.#
#y#.## #......#
###.### ##...#.##
#..#..# ##......
##...## ####.#.
#.#############.#.
#.............(.#.


You could see 3 hornets.

Vanquished Creatures
  A two-headed ogre (D:8)
  Pikel (D:7)
  Joseph (D:8)
  A centaur zombie (D:7)
  Prince Ribbit (D:5)
  An ice beast (D:6)
  A phantom (D:4)
  A black bear (D:6)
  3 orc warriors
  3 slaves
  4 ogres
  A hornet zombie (D:7)
  4 centaurs
  6 bullfrogs
  8 big kobolds (D:5)
  Blork the orc (D:4)
  A gnoll sergeant (D:7)
  A wyvern zombie (D:6)
  A wyvern skeleton (D:8)
  A water moccasin skeleton (D:4)
  2 scorpions
  2 howler monkeys
  5 crimson imps
  A quasit (D:8)
  7 orc wizards
  A gnoll shaman (D:7)
  3 orc priests
  2 hounds
  2 jellies
  Ijyb (D:5)
  3 centaur skeletons
  2 worker ants
  16 gnolls
  9 adders
  A shadow imp (D:4)
  2 adder zombies
  2 adder skeletons
  5 worms
  4 dart slugs
  A leopard gecko (D:2)
  39 orcs
  A giant cockroach (D:1)
  9 hobgoblins
  10 jackals
  55 kobolds
  3 quokkas
  A ball python (D:2)
  5 bats
  8 frilled lizards
  11 goblins
  A jackal skeleton (D:5)
  A quokka skeleton (D:8)
  6 rats
263 creatures vanquished.

Vanquished Creatures (others)
  A slave (D:7)
  A worker ant (D:5)
  A howler monkey skeleton (D:5)
  A jackal (D:7)
4 creatures vanquished.

Grand Total: 267 creatures vanquished

Notes
Turn   | Place    | Note
-------+----------+-------------------------------------------
     0 | D:1      | namelastname112 the Draconian Assassin began the quest for
                  | the Orb.
     0 | D:1      | Reached XP level 1. HP: 17/17 MP: 1/1
    71 | D:1      | Reached skill level 1 in Dodging
   125 | D:1      | Reached XP level 2. HP: 13/24 MP: 2/2
   984 | D:2      | Noticed an ogre
  1006 | D:2      | Killed an ogre
  1006 | D:2      | Reached skill level 4 in Stealth
  1006 | D:2      | Reached XP level 3. HP: 30/30 MP: 3/3
  1006 | D:2      | Reached XP level 4. HP: 37/37 MP: 4/4
  1084 | D:2      | Found a bloodstained altar of Trog.
  1231 | D:2      | Found an iron altar of Okawaru.
  1573 | D:3      | Reached XP level 5. HP: 44/44 MP: 5/5
  2732 | D:4      | Reached XP level 6. HP: 45/51 MP: 6/6
  3311 | D:5      | Entered Level 5 of the Dungeon
  3311 | D:5      | Found a shimmering altar of Xom.
  3440 | D:4      | Reached skill level 5 in Stealth
  4062 | D:5      | Your scales start taking on a glossy black colour.
  4062 | D:5      | Reached XP level 7. HP: 49/57 MP: 7/7
  4062 | D:5      | Gained mutation: You are resistant to electric shocks.
                  | (rElec) [Black Draconian growth]
  4111 | D:5      | Noticed Prince Ribbit
  4135 | D:5      | Found Usmy's General Store.
  4390 | D:6      | Found a stormy altar of Qazlal.
  4443 | D:6      | Got a pair of scorched gloves
  4460 | D:6      | Identified the +0 pair of gloves of Kuass {rN++} (You found
                  | it on level 6 of the Dungeon)
  4481 | D:6      | Found an ornate altar of the Wu Jian Council.
  4721 | D:6      | Reached skill level 5 in Short Blades
  4955 | D:6      | Reached skill level 6 in Stealth
  5023 | D:6      | Reached XP level 8. HP: 35/66 MP: 8/8
  5187 | D:6      | Found a radiant altar of Vehumet.
  6012 | D:5      | Noticed Blork the orc
  6051 | D:4      | Killed Blork the orc
  6715 | D:5      | Reached skill level 5 in Fighting
  6715 | D:5      | Reached skill level 7 in Stealth
  6925 | D:5      | Reached XP level 9. HP: 22/74 MP: 9/9
  7098 | D:5      | Noticed Ijyb
  7108 | D:5      | Killed Ijyb
  8006 | D:5      | Killed Prince Ribbit
  8614 | D:7      | Reached skill level 5 in Throwing
  8614 | D:7      | Reached skill level 8 in Stealth
  8670 | D:7      | Found a staircase to the Ecumenical Temple.
  8679 | D:7      | Noticed Pikel
  8684 | Temple   | Entered the Ecumenical Temple
  9050 | Temple   | Became a worshipper of Uskayaw the Reveler
  9061 | D:7      | Reached * piety under Uskayaw
  9072 | D:7      | Reached ** piety under Uskayaw
  9080 | D:7      | Killed Pikel
  9080 | D:7      | Reached skill level 5 in Dodging
  9080 | D:7      | Reached skill level 1 in Invocations
  9080 | D:7      | Reached XP level 10. HP: 45/84 MP: 9/11
  9090 | D:7      | Reached *** piety under Uskayaw
  9442 | D:7      | Reached **** piety under Uskayaw
  9452 | D:7      | Reached ***** piety under Uskayaw
  9478 | D:7      | Reached ****** piety under Uskayaw
  9977 | D:8      | Noticed a two-headed ogre
 10287 | D:8      | Noticed Joseph
 10337 | D:8      | Killed Joseph
 10414 | D:8      | Killed a two-headed ogre
 10710 | D:8      | Reached skill level 9 in Stealth
 10933 | D:8      | Found an opulent altar of Gozag.
 11119 | D:8      | Paralysed by a hornet for 3 turns
 11122 | D:8      | HP: 1/84 [hornet (8)]
 11122 | D:8      | Mangled by a hornet

Vault maps used:
D:1:      elethiomel_arrival_infinity_welcomes_careful_drivers,
          minmay_misc_feat_chi, minmay_lizard_pond
D:2:      okawaru_altar_gauntlet_db, overflow_temple_1_default
D:5:      minmay_goblin_kobold_castle, xom_confusion_cloud, first_ration,
          serial_shops, shop, uniq_blork_the_orc, uniq_prince_ribbit1, uniq_ijyb
D:6:      vehumet_altar_wand_db, nicolae_overflow_crystal_walls, basic_altar
D:7:      minmay_temple_entry_statues, uniq_pikel
D:8:      grunt_gozag_statues, fedhas_altar_fruit_tree,
          hangedman_pestilent_swarm, uniq_joseph
Temple:   nicolae_temple_figure_eight

Skill      XL: |  1  2  3  4  5  6  7  8  9 10 |
---------------+-------------------------------+-----
Dodging        | 1 2 3 4 5 |  5.6
Throwing       | 2 3 4 5 |  5.8
Short Blades   | 3 4 5 6 8 |  8.4
Stealth        | 4 5 6 7 8 9 |  9.0
Fighting       | 3 4 5 6 |  6.9
Invocations    | 1 4 |  4.1

Action                   |  1- 3 |  4- 6 |  7- 9 | 10-12 || total
-------------------------+-------+-------+-------+-------++-------
Melee: Dagger            |    60 |   314 |   767 |   295 ||  1436
       Tailslap          |     2 |    43 |   116 |    43 ||   204
 Fire: Blowgun           |     5 |     9 |    19 |    16 ||    49
Throw: Javelin           |       |    11 |       |     3 ||    14
Invok: Stomp             |       |       |       |     1 ||     1
       Line Pass         |       |       |       |     1 ||     1
 Abil: Breathe Lightning |       |       |     9 |     5 ||    14
Evoke: Wand              |       |       |     6 |       ||     6
  Use: Potion            |       |       |     5 |       ||     5
       Scroll            |       |       |    15 |     2 ||    17
 Stab: Sleeping          |     3 |     6 |     3 |     2 ||    14
       Distracted        |       |       |     4 |     1 ||     5
       Paralysed         |       |       |       |    12 ||    12
  Eat: Chunk             |       |     7 |    11 |     1 ||    19
       Ration            |       |     1 |     2 |     2 ||     5
Armor: Skin              |    20 |    88 |   227 |    62 ||   397
Dodge: Dodged            |    34 |   167 |   459 |   176 ||   836

Table legend:
 A = Non-vault XP
 B = Vault XP
 C = Vault XP percentage of total XP
 D = Non-vault monster count
 E = Vault monster count
 F = Vault count percentage of total count
                 A         B        C        D         E       F
            +---------+---------+-------+---------+---------+-------
      Total |    6108 |    2728 |  30.9 |     183 |      77 |  29.6
            +---------+---------+-------+---------+---------+-------
        D:1 |      19 |       6 |  24.0 |      11 |       6 |  35.3
        D:2 |     158 |       9 |   5.4 |      21 |       5 |  19.2
        D:3 |      65 |       0 |   0.0 |      19 |       0 |   0.0
        D:4 |     768 |     239 |  23.7 |      34 |       6 |  15.0
        D:5 |     359 |    1306 |  78.4 |      16 |      56 |  77.8
        D:6 |    1089 |       2 |   0.2 |      19 |       1 |   5.0
        D:7 |    2021 |     663 |  24.7 |      34 |       1 |   2.9
        D:8 |    1629 |     503 |  23.6 |      29 |       2 |   6.5
            +---------+---------+-------+---------+---------+-------
